[Event "Early-Titled-Tuesday-Blitz-August-29-2023"]
[Site "Chess.com"]
[Date "2023.08.29"]
[Round "7"]
[White "imdvb6307"]
[Black "Blackwhite017"]
[Result "1-0"]
[WhiteElo "2387"]
[BlackElo "2005"]
[TimeControl "180+1"]
[EndTime "9:16:32 PDT"]
[Termination "imdvb6307 won on time"]

1. c4 c6 2. Nf3 Nf6 3. g3 g6 4. b3 Bg7 5. Bb2 O-O 6. Bg2 d5 7. d3 Bg4 8. Nbd2 Bxf3 9. Nxf3 e6 10. O-O Nbd7 11. Qc2 Re8 12. e4 dxe4 13. dxe4 e5 14. c5 a5 15. a3 Qe7 16. b4 Ra7 17. Nd2 Rea8 18. Nc4 axb4 19. axb4 Rxa1 20. Bxa1 Ne8 21. Bh3 Nc7 22. Bxd7 Qxd7 23. Nb6 Qd8 24. Nxa8 Qxa8 25.
f4 Qa3 26. Qc3 Qa2 27. fxe5 Ne6 28. Bb2 Ng5 29. Qd4 h5 30. h4 Ne6 31. Qc3 Qa6 32.
Qf3 Nd8 33. e6 fxe6 34. Bxg7 Kxg7 35. Qf8+ 1-0

[Event "Early-Titled-Tuesday-Blitz-August-29-2023"]
[Site "Chess.com"]
[Date "2023.08.29"]
[Round "7"]
[White "thedjoker98"]
[Black "Mmukka"]
[Result "1-0"]
[WhiteElo "2577"]
[BlackElo "2432"]
[TimeControl "180+1"]
[EndTime "9:16:33 PDT"]
[Termination "thedjoker98 won by resignation"]

1. d4 d5 2. c4 e6 3. Nc3 dxc4 4. Nf3 c5 5. e3 Nf6 6. Bxc4 a6 7. O-O b5 8. Be2 Bb7 9. a3 Nbd7 10. dxc5 Bxc5 11. b4 Be7 12. Bb2 O-O 13. Qb3 Rc8 14. Rac1 Qb6 15.
Rfd1 Rfd8 16. Nd4 Ne5 17. Ba1 Nc4 18. a4 e5 19. Nf5 Bf8 20. axb5 axb5 21. Rxd8 Qxd8 22.
Nxb5 Nd2 23. Rxc8 Qxc8 24. Qb2 Qxf5 25. Qxd2 Qb1+ 26. Qd1 Qxd1+ 27. Bxd1 Bxb4 28. Bxe5 Nd7 29. Bc3 Bxc3 30. Nxc3 Kf8 31. Bb3 Nc5 32. Bd5 Ba6 33. f3 Ke7 34. e4 f6 35. Kf2 Kd6 36. Ke3 g5 37. g3 Bc8 38. f4 gxf4+ 39. gxf4 Nd7 40.
Kd4 Ke7 41. e5 fxe5+ 42. fxe5 Ba6 43. Bc6 Nf8 44. Nd5+ Kf7 45. Nf4 Ke7 46. Ke4 Bc8 47. Nd5+ Kf7 48. Nc7 Ke7 49. Nd5+ Kf7 50. Nf4 Ke7 51.
Bd5 Bg4 52. Bc4 Bd7 53. Nd5+ Kd8 54. Nf6 Ke7 55. Nxd7 Nxd7 56. Kf5 Nf8 57. Bg8 h6 58. h4 Nd7 59. Bd5 Nf8 60. Bc4 Nd7 61. Ba6 Nf8 62.
Bc8 Kf7 63. Ba6 Ke7 64. Bc4 Nd7 65. Bb3 Nf8 66. e6 Nh7 67. Kg6 Nf8+ 68. Kxh6 Kf6 69. h5 Ke7 70. Kg7 Nxe6+ 71. Bxe6 Kxe6 72. h6 1-0

[Event "Early-Titled-Tuesday-Blitz-August-29-2023"]
[Site "Chess.com"]
[Date "2023.08.29"]
[Round "7"]
[White "LangesNasenhaar"]
[Black "valemava"]
[Result "1-0"]
[WhiteElo "2469"]
[BlackElo "2321"]
[TimeControl "180+1"]
[EndTime "9:16:35 PDT"]
[Termination "LangesNasenhaar won on time"]

1. d4 d5 2. Nc3 e6 3. e4 dxe4 4. Nxe4 Nf6 5. Nxf6+ Qxf6 6. g3 Nc6 7. Nf3 h6 8. Bg2 Bd6 9. O-O O-O 10. b3 e5 11.
Bb2 Bg4 12. h3 Bxf3 13. Qxf3 Qg6 14. dxe5 Nxe5 15. Qxb7 Qxc2 16. Rab1 Nd3 17. Bd4 c5 18. Be3 Rae8 19. Qf3 Qxa2 20. Qd5 Rd8 21. Qxd3 Bxg3 22. Qf5 Bd6 23. Be4 g6 24. Qf3 Rfe8 25. Bxh6 Qa6 26.
Bd5 Re7 27. Bg5 Rde8 28. Bxe7 Rxe7 29. Rfe1 Rd7 30. Qg4 Qc8 31. Qxg6+ Kf8 32. Qh6+ Kg8 33. Re4 1-0

[Event "Early-Titled-Tuesday-Blitz-August-29-2023"]
[Site "Chess.com"]
[Date "2023.08.29"]
[Round "7"]
[White "Andreikka"]
[Black "Arseniy_Nesterov"]
[Result "1-0"]
[WhiteElo "3034"]
[BlackElo "2873"]
[TimeControl "180+1"]
[EndTime "9:16:36 PDT"]
[Termination "Andreikka won by resignation"]

1. Nf3 d5 2. g3 Nf6 3. Bg2 g6 4.
b3 Bg7 5. Bb2 O-O 6. c4 c6 7. d3 Re8 8. O-O Bg4 9. Nbd2 Nbd7 10. h3 Bxf3 11. Nxf3 Nh5 12. d4 Nhf6 13. Qc2 e6 14. Rfd1 a6 15. Ne1 Rc8 16. Nd3 h5 17. e3 Qc7 18. Rac1 Qb8 19. a4 Rcd8 20. Bc3 Ne4 21. Be1 f5 22. b4 Nb6 23. cxd5 cxd5 24.
Qc7 Nxa4 25. Qa5 b5 26. Qxa6 Rd6 27. Rc6 Rxc6 28. Qxc6 Kf7 29. Rc1 Nd6 30. Nf4 Qc8 31. Bxd5 exd5 32. Qxd5+ 1-0

[Event "Early-Titled-Tuesday-Blitz-August-29-2023"]
[Site "Chess.com"]
[Date "2023.08.29"]
[Round "7"]
[White "Gyulamiryan-koryun"]
[Black "alturas_pacificas"]
[Result "0-1"]
[WhiteElo "2074"]
[BlackElo "2390"]
[TimeControl "180+1"]
[EndTime "9:16:36 PDT"]
[Termination "alturas_pacificas won by checkmate"]

1. c4 c6 2. Nc3 d5 3. d4 Nf6 4. Nf3 e6 5. Bg5 dxc4 6. e4 b5 7. e5 h6 8. Bh4 g5 9. Nxg5 Nd5 10. Nxd5 cxd5 11. Nf3 Bb4+ 12. Nd2 Qxh4 13. a3 Ba5 14.
b4 cxb3 15. Rc1 Bd7 16. Bxb5 Bxb5 17. Rc8+ Bd8 18. Qxb3 Bd7 19. Rxb8 Rxb8 20. Qxb8 Qxd4 21. Ke2 O-O 22. Rb1 Bg5 23. Nf3 Qe4+ 24. Kf1 Rxb8 25. Rxb8+ Kg7 26. h4 Bf4 27. h5 Bxe5 28. Rb7 Bb5+ 29.
Kg1 Be2 30. Nd2 Qd4 31. Rc7 Qa1+ 32. Nf1 Qxf1# 0-1

[Event "Early-Titled-Tuesday-Blitz-August-29-2023"]
[Site "Chess.com"]
[Date "2023.08.29"]
[Round "7"]
[White "zozik"]
[Black "stratacticos"]
[Result "1-0"]
[WhiteElo "2365"]
[BlackElo "1838"]
[TimeControl "180+1"]
[EndTime "9:16:36 PDT"]
[Termination "zozik won by resignation"]

1. d4 Nf6 2. Nf3 g6 3. g3 Bg7 4. Bg2 O-O 5. O-O d5 6. c4 dxc4 7. Nc3 c6 8. Ne5 Be6 9. Qa4 Nbd7 10. e4 b5 11. Qa6 b4 12. Nxc6 Qc7 13. Nxe7+ Kh8 14. Ncd5 Bxd5 15. exd5 Nb6 16. d6 Qxd6 17. Bxa8 Rxa8 18. Qb7 Nfd7 19. Nc6 h5 20. Bf4 Qd5 21. Qc7 Rc8 22. Nxb4 Qxd4 23. Qd6 Qxb2 24. Rac1 Bf8 25. Nd3 cxd3 26. Rxc8 Nxc8 27. Qxd7 Nb6 28. Qxf7 Bg7 29. Qxg6 Qxa2 30. Qxh5+ Kg8 31. Qe8+ Kh7 32. Qe4+ Kg8 33. Qxd3 Qc4 34. Qd8+ Kh7 35. Rd1 1-0

[Event "Early-Titled-Tuesday-Blitz-August-29-2023"]
[Site "Chess.com"]
[Date "2023.08.29"]
[Round "7"]
[White "koncheto"]
[Black "le_poisson"]
[Result "1-0"]
[WhiteElo "2526"]
[BlackElo "2337"]
[TimeControl "180+1"]
[EndTime "9:16:37 PDT"]
[Termination "koncheto won by checkmate"]

1. e4 e5 2. Nf3 Nc6 3. d4 exd4 4. Bc4 Nf6 5. O-O Nxe4 6. Nc3 dxc3 7. Bxf7+ Kxf7 8. Qd5+ Kf6 9. Re1 d6 10. Rxe4 h6 11.
Rf4+ Kg6 12. Qd3+ Kh5 13. h3 Ne5 14. g4+ Nxg4 15. Rf5+ g5 16. hxg4+ Kxg4 17. Qe4+ Kh5 18.
Bxg5 Bxf5 19. Qh4+ Kg6 20. Bxd8 cxb2 21. Qf6+ Kh7 22.
Qxf5+ Kg8 23. Rb1 Bg7 24. Bf6 Rf8 25. Qd5+ Kh7 26. Bxg7 Kxg7 27. Rxb2 Rf6 28. Kf1 Rhf8 29. Rb3 c6 30. Qd4 Kh7 31. Ke2 Re8+ 32. Re3 Ref8 33. Re7+ Kh8 34. Nh4 Kg8 35. Qg4+ Kh8 36. Qg7# 1-0

[Event "Early-Titled-Tuesday-Blitz-August-29-2023"]
[Site "Chess.com"]
[Date "2023.08.29"]
[Round "7"]
[White "OlaaLa"]
[Black "Ural_bogatyr"]
[Result "1-0"]
[WhiteElo "2443"]
[BlackElo "2544"]
[TimeControl "180+1"]
[EndTime "9:16:37 PDT"]
[Termination "OlaaLa won by checkmate"]

1. c4 Nf6 2. g3 e6 3. Bg2 d5 4. Qc2 Be7 5. Nf3 O-O 6. O-O d4 7. d3 c5 8. a3 Nc6 9. e4 e5 10. h3 Be6 11. Ng5 Nd7 12. Nxe6 fxe6 13. f4 exf4 14.
gxf4 e5 15. f5 Bg5 16. Bxg5 Qxg5 17. Nd2 Kh8 18. Kh2 g6 19. fxg6 Qxg6 20. Nf3 Rg8 21. Rg1 Qg3+ 22. Kh1 Raf8 23. Raf1 Nf6 24. Nh2 Nh5 25.
Rxf8 Rxf8 26. Bf1 Qf2 27. Qxf2 Rxf2 28. Rg2 Rf8 29. Kg1 Nf4 30. Rg3 h5 31. Nf3 Kh7 32. h4 Kh6 33. Ng5 Ng6 34. Nf3 Nd8 35. Bh3 Rf4 36. Bf5 Ne7 37. Nxe5 Nxf5 38. exf5 Rxf5 39.
Nd7 Ne6 40. Rg8 Rf4 41. Re8 Rg4+ 42. Kf2 Nf4 43. Nxc5 Rxh4 44. Rd8 Ng6 45. Ne4 Ne5 46. Rd6+ Kg7 47. Ng3 Nxd3+ 48. Ke2 Nf4+ 49. Kf3 Rg4 50. Nf5+ Kf7 51. Rxd4 Kf6 52. Nd6 Ne6 53. Ne4+ Ke5 54. Rd5# 1-0

[Event "Early-Titled-Tuesday-Blitz-August-29-2023"]
[Site "Chess.com"]
[Date "2023.08.29"]
[Round "7"]
[White "gueraumasague"]
[Black "ViktoriyaTarasova"]
[Result "1-0"]
[WhiteElo "2555"]
[BlackElo "2410"]
[TimeControl "180+1"]
[EndTime "9:16:38 PDT"]
[Termination "gueraumasague won on time"]

1. e4 e5 2. Nc3 Nf6 3. f4 d5 4. fxe5 Nxe4 5. Qf3 f5 6. d3 Nxc3 7. bxc3 d4 8. c4 Nc6 9. Qg3 Bb4+ 10. Kd1 O-O 11. Be2 Ne7 12. Rb1 Bc5 13. Bf3 c6 14.
Ne2 Ng6 15. h4 Qe7 16. h5 Nxe5 17. h6 g6 18. Bg5 Qe8 19. Nf4 Bd6 20. Re1 Qf7 21. Qf2 Ng4 22. Qxd4 Bc7 23. Re7 Be5 24. Qc5 b6 25. Rxf7 bxc5 26. Rxf8+ Kxf8 27. Bxc6 Rb8 28. Rxb8 Bxb8 29. Ke2 Be5 30. Bd5 Bd4 31. Be6 Bb7 32. Nd5 Bxd5 33. cxd5 Ke8 34. c4 Kf8 35. d6 Be5 36. d7 Bc7 37. d8=Q+ Bxd8 38. Bxd8 Nxh6 39. d4 cxd4 40. c5 Ke8 41. Bg5 Ng4 42. c6 Ne5 43. c7 1-0

[Event "Early-Titled-Tuesday-Blitz-August-29-2023"]
[Site "Chess.com"]
[Date "2023.08.29"]
[Round "7"]
[White "benny_aizenberg"]
[Black "VladimirKramnik"]
[Result "0-1"]
[WhiteElo "2657"]
[BlackElo "2948"]
[TimeControl "180+1"]
[EndTime "9:16:39 PDT"]
[Termination "VladimirKramnik won by resignation"]

1. c4 c5 2. g3 g6 3. Bg2 Bg7 4. Nf3 Nc6 5. O-O e6 6. Nc3 Nge7 7. d4 cxd4 8. Nb5 O-O 9. Nbxd4 d5 10. cxd5 Nxd4 11. Nxd4 Nxd5 12. Nb3 a5 13. a4 Ra6 14. Bd2 Bxb2 15. Rb1 Bg7 16. Nc5 Rb6 17. Qc2 Rc6 18.
e4 Nc3 19. Bxc3 Rxc5 20. Rb3 Qc7 21. Rc1 Bd7 22. Qb2 Bxa4 23. Rxb7 Qc8 24. Bxg7 Rxc1+ 25.
Bf1 Qc4 26. Kg2 Qxf1+ 27. Kf3 Qd3+ 28. Kf4 Rc2 29. Qe5 Rxf2+ 30. Kg5 Qe3+ 31. Kg4 Qf3+ 0-1

[Event "Early-Titled-Tuesday-Blitz-August-29-2023"]
[Site "Chess.com"]
[Date "2023.08.29"]
[Round "7"]
[White "reniite"]
[Black "ChainedDowntohell"]
[Result "1-0"]
[WhiteElo "2359"]
[BlackElo "2480"]
[TimeControl "180+1"]
[EndTime "9:16:41 PDT"]
[Termination "reniite won on time"]

1. e4 c5 2. Nf3 d6 3. d4 cxd4 4.
Nxd4 Nf6 5. Nc3 Bd7 6. g3 e5 7. Nde2 Nc6 8. Bg2 h6 9. O-O Be7 10. h3 O-O 11. f4 b5 12. Kh2 b4 13. Nd5 Nxd5 14. exd5 Na5 15. fxe5 Nc4 16. e6 Be8 17. Qd4 Ne5 18. Nf4 Qa5 19. Bd2 Rb8 20. a3 Qa4 21. b3 Qb5 22. axb4 a6 23. c4 Qb7 24.
Bc3 Bf6 25. Qd2 fxe6 26. dxe6 Bc6 27. Nd5 Bg5 28. Qe2 Kh8 29. h4 Be7 30. Rxf8+ Bxf8 31. Rf1 Re8 32. Qh5 Qb8 33. Qf5 g6 34. Bxe5+ dxe5 35. Qxg6 Qb7 36. Rf7 1-0

[Event "Early-Titled-Tuesday-Blitz-August-29-2023"]
[Site "Chess.com"]
[Date "2023.08.29"]
[Round "7"]
[White "Maus7"]
[Black "Preobrazhenska_D2011"]
[Result "0-1"]
[WhiteElo "2495"]
[BlackElo "2333"]
[TimeControl "180+1"]
[EndTime "9:16:41 PDT"]
[Termination "Preobrazhenska_D2011 won on time"]

1. e4 c5 2. Nf3 d6 3. d4 cxd4 4. Nxd4 Nf6 5. Nc3 a6 6. h3 e5 7. Nf3 h5 8. Ng5 Be7 9. Bc4 O-O 10. a3 b5 11. Bb3 Bb7 12. g4 h4 13. Nxf7 Rxf7 14.
g5 Nxe4 15. g6 Nxc3 16. Bxf7+ Kf8 17. Qh5 Bf6 18. O-O Ne4 19. Be3 Nd7 20. a4 Ke7 21. axb5 axb5 22. Rxa8 Bxa8 23. Qf5 Nec5 24. Ra1 Be4 25.
Qg4 Qb8 26. Bxc5 Nxc5 27. Ra6 Qb7 0-1

[Event "Early-Titled-Tuesday-Blitz-August-29-2023"]
[Site "Chess.com"]
[Date "2023.08.29"]
[Round "7"]
[White "Colombiano07"]
[Black "laskakid"]
[Result "1-0"]
[WhiteElo "2377"]
[BlackElo "2159"]
[TimeControl "180+1"]
[EndTime "9:16:41 PDT"]
[Termination "Colombiano07 won on time"]

1. d4 d5 2. c4 c6 3. cxd5 cxd5 4. Nc3 Nf6 5. Bf4 Nc6 6. e3 a6 7. Rc1 Bf5 8. Qb3 Na5 9. Qa4+ Bd7 10. Qd1 Rc8 11.
Bd3 e6 12. Nf3 Be7 13. Ne5 Nc4 14. Bxc4 dxc4 15. O-O b5 16. Qf3 O-O 17. a4 Qb6 18.
axb5 axb5 19. Bg5 Rfd8 20. Rfd1 Be8 21. h4 h6 22. Bf4 Nd5 23. Bg3 Nb4 24. Bf4 Nd5 25. Bg3 b4 26. Ne4 c3 27. bxc3 Nxc3 28. Nxc3 bxc3 29. Qe4 Ba4 30. Re1 c2 31. Bf4 Bb4 32.
Re2 Ba3 33. Rcxc2 Qb1+ 34. Kh2 Bxc2 35. Qf3 Be4 36. Qg3 Rc1 37. Qg4 Bf5 38. Qh5 Rh1+ 39. Kg3 Rf8 40. Nd7 Qg1 41. Nxf8 Rh2 42. f3 Rh1 43. Bxh6 1-0

[Event "Early-Titled-Tuesday-Blitz-August-29-2023"]
[Site "Chess.com"]
[Date "2023.08.29"]
[Round "7"]
[White "BlueWizzard"]
[Black "DenLaz"]
[Result "0-1"]
[WhiteElo "2899"]
[BlackElo "3052"]
[TimeControl "180+1"]
[EndTime "9:16:42 PDT"]
[Termination "DenLaz won by resignation"]

1. e4 c5 2. Nf3 e6 3. h3 Nc6 4. Bb5 Nge7 5. c3 a6 6. Be2 d5 7. exd5 Nxd5 8. d4 cxd4 9. Nxd4 Bd7 10. Bf3 Bd6 11. Nf5 Be5 12. Ne3 Nb6 13. a4 O-O 14. O-O Bc7 15. a5 Nc8 16. Nc4 Qe7 17. Re1 Rd8 18.
Qb3 Be8 19. Nbd2 Nd6 20. Nb6 Rab8 21. Ndc4 Nf5 22. Qc2 Nh4 23. Bg4 f5 24. Be2 Bg6 25. Qb3 Bf7 26. Qa4 e5 27. b3 e4 28. Nd2 Qg5 29.
g3 Bxg3 30. Nf3 Bxf2+ 31. Kxf2 Qg2+ 32. Ke3 Nxf3 33. Rf1 Re8 34. h4 Rbd8 35. Bc4 Nce5 36. Bxf7+ Nxf7 37. Qc4 Rd3+ 0-1

[Event "Early-Titled-Tuesday-Blitz-August-29-2023"]
[Site "Chess.com"]
[Date "2023.08.29"]
[Round "7"]
[White "Sadykov_Ramil"]
[Black "MatthewG-p4p"]
[Result "0-1"]
[WhiteElo "2627"]
[BlackElo "2850"]
[TimeControl "180+1"]
[EndTime "9:16:42 PDT"]
[Termination "MatthewG-p4p won on time"]

1. e4 e6 2. d4 d5 3. exd5 exd5 4.
Bd3 c5 5. Qe2+ Be7 6. Bb5+ Nc6 7. Nf3 Nf6 8. O-O O-O 9. c3 Bg4 10. Be3 cxd4 11. Bxd4 Nxd4 12. cxd4 a6 13. Bd3 Re8 14. Nbd2 Bb4 15. Qd1 Bxd2 16. Qxd2 Bxf3 17. gxf3 Nh5 18.
Bf5 Qh4 19. Bg4 Nf6 20. h3 h5 21. Bf5 g6 22. Bd3 Qxd4 23. Rad1 Qh4 24. Kg2 Re5 25. f4 Re7 26. Rfe1 Rae8 27. Re3 Kg7 28. Rg3 Nd7 29. Rc1 Qf6 30. f5 Ne5 31. Rc5 h4 32. Re3 Qg5+ 33. Kh2 Nf3+ 0-1

[Event "Early-Titled-Tuesday-Blitz-August-29-2023"]
[Site "Chess.com"]
[Date "2023.08.29"]
[Round "7"]
[White "bascheyaro"]
[Black "Vesper2018"]
[Result "1-0"]
[WhiteElo "2807"]
[BlackElo "2599"]
[TimeControl "180+1"]
[EndTime "9:16:42 PDT"]
[Termination "bascheyaro won by checkmate"]

1. d4 Nf6 2. Nf3 g6 3. c4 Bg7 4.
Bf4 O-O 5. Nc3 d5 6. c5 c6 7. h3 Ne4 8. e3 Nxc3 9. bxc3 Nd7 10.
Qb3 Re8 11. Ne5 Bxe5 12. Bxe5 Nxe5 13. dxe5 b6 14. Qb4 Qc7 15. f4 f6 16. c4 fxe5 17. cxd5 cxd5 18. cxb6 axb6 19. Bb5 Rf8 20. O-O exf4 21.
Rxf4 Rxf4 22. exf4 Bf5 23. a4 e5 24. fxe5 Qxe5 25. Re1 Qg3 26. Bc6 Rd8 27. Bxd5+ Kg7 28. Re7+ Kh6 29. Qd2+ g5 30. Qd4 Qd6 31. Qg7+ Kh5 32.
Qf7+ Bg6 33. Bf3+ Kh4 34. Re4+ Kg3 35. Rg4# 1-0

[Event "Early-Titled-Tuesday-Blitz-August-29-2023"]
[Site "Chess.com"]
[Date "2023.08.29"]
[Round "7"]
[White "vladoboch"]
[Black "DarZay"]
[Result "1-0"]
[WhiteElo "2447"]
[BlackElo "2281"]
[TimeControl "180+1"]
[EndTime "9:16:43 PDT"]
[Termination "vladoboch won by resignation"]

1. e4 c5 2. Nf3 Nc6 3. Bb5 g6 4. O-O Bg7 5. Re1 Nf6 6. e5 Nd5 7. Nc3 Nc7 8. Bxc6 dxc6 9. h3 O-O 10. d3 Be6 11. Be3 b6 12. a4 a5 13. Ne4 h6 14.
Qd2 Kh7 15. Rad1 Bd5 16. Qc3 Bxe4 17. dxe4 Qc8 18. Rd2 Rd8 19. Qb3 Rxd2 20. Bxd2 Ne6 21. Qxb6 Rb8 22. Qxa5 Rxb2 23. Qc3 Rb4 24. a5 Qc7 25.
Qd3 Ra4 26. Bc3 Nd4 27. Nxd4 cxd4 28. Bxd4 Bxe5 29. Bb6 Qd6 30. Qxd6 Bxd6 31. c3 Ra3 32. Re3 Bf4 33. Re1 Rxc3 34. a6 Ra3 35. a7 Bd2 36.
Rd1 Bb4 37. Rd8 Bd6 38. g3 c5 39. a8=Q Rxa8 40. Rxa8 1-0

[Event "Early-Titled-Tuesday-Blitz-August-29-2023"]
[Site "Chess.com"]
[Date "2023.08.29"]
[Round "7"]
[White "kuli4ik"]
[Black "DreamsAreFake"]
[Result "1-0"]
[WhiteElo "2899"]
[BlackElo "2651"]
[TimeControl "180+1"]
[EndTime "9:16:44 PDT"]
[Termination "kuli4ik won by resignation"]

1. Nf3 Nf6 2. g3 e6 3. Bg2 d5 4. O-O Be7 5. b3 O-O 6. Bb2 c5 7. e3 Nc6 8. c4 b6 9. Qe2 Bb7 10.
Rd1 dxc4 11. bxc4 Qd7 12. Nc3 Rfd8 13. d3 h6 14. Rab1 Ne8 15. Ne1 Bf6 16. f4 Nd6 17. Nf3 Nf5 18. a3 Qe7 19. g4 Nh4 20. Nxh4 Bxh4 21.
Ne4 Na5 22. Rf1 f5 23. Ng3 Bxg2 24. Kxg2 fxg4 25. Rbd1 Bxg3 26. hxg3 h5 27. f5 Rf8 28.
fxe6 Qxe6 29. Rf4 Nc6 30. Rh1 Rxf4 31. gxf4 g6 32. e4 Qf7 33. Qe3 Rf8 34. f5 Nd4 35. Qg5 Nf3 36. Rxh5 Qg7 37. Bxg7 Nxg5 38. Rxg5 Kxg7 39.
Rxg6+ Kf7 40. Rxg4 Rd8 41. Rg3 Kf6 42. Kf2 Rh8 43.
Ke3 Kf7 44. e5 Rh4 45. Rg6 Rh3+ 46. Ke4 Rh4+ 47. Kd5 Rd4+ 48. Kc6 Rxd3 49. e6+ Ke7 50. Rg7+ Kf6 51. Rf7+ Kg5 52. e7 1-0

[Event "Early-Titled-Tuesday-Blitz-August-29-2023"]
[Site "Chess.com"]
[Date "2023.08.29"]
[Round "7"]
[White "AndresDelgado77"]
[Black "Kotofeyca"]
[Result "1-0"]
[WhiteElo "2259"]
[BlackElo "2400"]
[TimeControl "180+1"]
[EndTime "9:16:46 PDT"]
[Termination "AndresDelgado77 won by checkmate"]

1. e4 c6 2. Ne2 d5 3. e5 Bg4 4. f3 Bh5 5. h4 h6 6. Nf4 Bg6 7. Nxg6 fxg6 8. Bd3 Kf7 9. f4 e6 10.
h5 gxh5 11. Qxh5+ Ke7 12. Nc3 Kd7 13. f5 exf5 14. Bxf5+ Kc7 15. d4 Ne7 16. Bf4 Nxf5 17. Qxf5 Bb4 18. Qf7+ Qe7 19. Qg6 Bxc3+ 20. bxc3 b5 21.
a4 b4 22. a5 Na6 23. O-O Raf8 24. e6+ Kb7 25. Be5 Rhg8 26. Rf7 Rxf7 27. exf7 Rf8 28.
Rf1 Nc7 29. Bxg7 Qe3+ 30. Kh1 Ne6 31. a6+ Kxa6 32. Bxf8 Nxf8 33. Qxc6+ Ka5 34. Ra1# 1-0

[Event "Early-Titled-Tuesday-Blitz-August-29-2023"]
[Site "Chess.com"]
[Date "2023.08.29"]
[Round "7"]
[White "joppie2"]
[Black "artin10862"]
[Result "1-0"]
[WhiteElo "2946"]
[BlackElo "2821"]
[TimeControl "180+1"]
[EndTime "9:16:48 PDT"]
[Termination "joppie2 won on time"]

1. e4 c5 2. Nf3 d6 3. d4 cxd4 4.
Nxd4 Nf6 5. Nc3 a6 6. a3 e6 7. g4 b5 8. g5 Nfd7 9. h4 Bb7 10. Be3 Nb6 11. h5 N8d7 12. f4 Rc8 13.
Bg2 Nc4 14. Bc1 Qb6 15. Rh3 e5 16. Nde2 exf4 17. Nxf4 Be7 18. Kf1 Bxg5 19. Nfd5 Qd8 20. h6 gxh6 21. Rg3 Rg8 22. Bh3 Kf8 23. Qh5 Bxc1 24.
Rxg8+ Kxg8 25. Rxc1 Bxd5 26. Nxd5 Nf6 27. Qxh6 Nxd5 28. exd5 Rb8 29. Bf5 Ne5 30. Bxh7+ Kh8 31. Bf5+ Kg8 32. Kf2 Qb6+ 33. Kg2 Re8 34. Bh7+ Kh8 35.
Rh1 Ng4 36. Qf4 Re2+ 37. Kg3 Qe3+ 38. Qxe3 Nxe3 39. Bd3+ Kg7 40. Bxe2 1-0

[Event "Early-Titled-Tuesday-Blitz-August-29-2023"]
[Site "Chess.com"]
[Date "2023.08.29"]
[Round "7"]
[White "BrandonJacobson"]
[Black "Firouzja2003"]
[Result "1/2-1/2"]
[WhiteElo "3020"]
[BlackElo "3089"]
[TimeControl "180+1"]
[EndTime "9:16:49 PDT"]
[Termination "Game drawn by repetition"]

1. d4 Nf6 2. c4 g6 3. Nc3 Bg7 4. e4 d6 5. Nf3 O-O 6. Be2 e5 7. O-O Na6 8. Re1 Bg4 9. Be3 Bxf3 10. Bxf3 exd4 11. Bxd4 c6 12. g3 Re8 13. Bg2 Nc5 14.
Bxc5 dxc5 15. e5 Nd7 16. f4 f6 17. e6 Nb6 18. f5 Nxc4 19. Qc2 Qd4+ 20. Kh1 Ne3 21.
Qb3 Re7 22. fxg6 c4 23. Qb4 Rae8 24. gxh7+ Kh8 25. Re2 Nxg2 26. Kxg2 Rxe6 27. Rxe6 Rxe6 28. Qxb7 Qd2+ 29. Kh1 Kxh7 30. Qf7 Re5 31. Qxc4 Qxb2 32. Rf1 Rh5 33. Qd3+ f5 34. Ne2 Qxa2 35. Rxf5 Rxf5 36. Qxf5+ Kg8 37. Qc8+ Kh7 38. Qf5+ Kg8 39. Qc8+ Kh7 40.
Qf5+ 1/2-1/2

[Event "Early-Titled-Tuesday-Blitz-August-29-2023"]
[Site "Chess.com"]
[Date "2023.08.29"]
[Round "7"]
[White "Iskusnyh"]
[Black "XDPS"]
[Result "0-1"]
[WhiteElo "2631"]
[BlackElo "2851"]
[TimeControl "180+1"]
[EndTime "9:16:49 PDT"]
[Termination "XDPS won on time"]

1. d4 Nf6 2. c4 g6 3. g3 Bg7 4. Bg2 O-O 5. Nc3 d6 6. Nf3 Nc6 7. d5 Na5 8. b3 Nxd5 9. Nxd5 Bxa1 10. Bd2 c6 11. Nxe7+ Qxe7 12. Qxa1 b6 13. Bh6 f6 14. Bxf8 Kxf8 15. O-O Bb7 16. Nd4 Rd8 17. Rd1 a6 18.
Rd3 Qf7 19. Qc3 c5 20. Nc2 Bxg2 21. Kxg2 Nc6 22. Qd2 Qe6 23. e3 b5 24. Rd5 Ke7 25.
Qc3 Ne5 26. f3 Rb8 27. e4 bxc4 28. bxc4 Rb1 29. Ne3 Qc8 30. Rd2 Qb7 31. Qa5 Nc6 32.
Nd5+ Kf7 33. Qc3 Nd4 34. Kh3 Qc8+ 35. g4 h5 36. Ne3 hxg4+ 37. Nxg4 f5 38. exf5 gxf5 39.
Nf2 Rg1 0-1

[Event "Early-Titled-Tuesday-Blitz-August-29-2023"]
[Site "Chess.com"]
[Date "2023.08.29"]
[Round "7"]
[White "GAZZAN_3000"]
[Black "masenik"]
[Result "1/2-1/2"]
[WhiteElo "2671"]
[BlackElo "2438"]
[TimeControl "180+1"]
[EndTime "9:16:49 PDT"]
[Termination "Game drawn by repetition"]

1. d4 Nf6 2. Nf3 e6 3. c4 a6 4. g3 b5 5. b3 Bb7 6. Bg2 Be7 7. O-O O-O 8. Nc3 b4 9. Na4 d6 10. Nb2 Nbd7 11. Nd3 a5 12. Bb2 Ne4 13. Re1 f5 14. Nd2 Ndf6 15. f3 Nxd2 16. Qxd2 Qd7 17. e4 fxe4 18.
fxe4 Rab8 19. e5 Ng4 20. Bxb7 Rxb7 21. Qe2 h5 22. exd6 Bxd6 23. Qxe6+ Qxe6 24. Rxe6 Rf3 25. Rd1 Rb8 26. c5 Bxg3 27. hxg3 Rxg3+ 28. Kh1 Rf8 29. d5 Rff3 30. Rd2 Rxd3 31. Rxd3 Rxd3 32.
d6 cxd6 33. cxd6 Nf6 34. Bxf6 gxf6 35. Rxf6 Kg7 36. Rf5 Kg6 37. Rxa5 Rxd6 38. Kg2 Rd3 39. Ra4 Rd2+ 40. Kg3 Kg5 41. Ra5+ Kg6 42. Kf4 Rf2+ 43. Kg3 Rd2 44. Kh4 Rd4+ 45. Kg3 Rd2 1/2-1/2

[Event "Early-Titled-Tuesday-Blitz-August-29-2023"]
[Site "Chess.com"]
[Date "2023.08.29"]
[Round "7"]
[White "LeoLV10"]
[Black "Kostukov_Alex"]
[Result "1-0"]
[WhiteElo "2488"]
[BlackElo "2362"]
[TimeControl "180+1"]
[EndTime "9:16:49 PDT"]
[Termination "LeoLV10 won by resignation"]

1. e4 c5 2. Nf3 g6 3. d4 cxd4 4. Nxd4 Bg7 5. c4 Nc6 6. Be3 Nf6 7. Nc3 Nxd4 8. Bxd4 Qa5 9. f3 O-O 10. Be2 d6 11.
O-O Be6 12. Rc1 Rfc8 13. b3 a6 14. Na4 Nd7 15. Bxg7 Kxg7 16. Qd4+ f6 17. f4 b5 18.
cxb5 axb5 19. Nc3 b4 20. Na4 Nc5 21. f5 Nxa4 22. fxe6 Rxc1 23. Rxc1 Nc3 24. Rc2 Qc5 25.
Qxc5 dxc5 26. Kf2 Nxe4+ 27. Ke3 Nc3 28. Kd3 Ra5 29. Kc4 Nxa2 30. Bf3 f5 31. Rd2 Nc3 32. Rd8 Kf6 33. Rh8 h5 34. Rg8 Ne4 35. Kd5 Ra3 36. Rf8+ Kg5 37. Rf7 Rxb3 38. Rxe7 Nf6+ 39. Kxc5 Rb1 40.
Rb7 b3 41. Kd6 b2 42. Ke7 h4 43. Kf7 Rf1 44. Rxb2 h3 45. Bc6 Rc1 46. Bb7 Rc7+ 47. e7 f4 48. gxh3 Kf5 49. Rb5+ Nd5 50. Bxd5 Ke5 51.
Bf3+ Kd6 52. Rd5+ Kc6 53. Rd1+ Kc5 54. Rc1+ Kd6 55. Rxc7 Kxc7 56. e8=Q 1-0

[Event "Early-Titled-Tuesday-Blitz-August-29-2023"]
[Site "Chess.com"]
[Date "2023.08.29"]
[Round "7"]
[White "TigranHH"]
[Black "miraitrunks"]
[Result "0-1"]
[WhiteElo "2263"]
[BlackElo "1993"]
[TimeControl "180+1"]
[EndTime "9:16:49 PDT"]
[Termination "miraitrunks won on time"]

1. d4 Nf6 2. c4 c5 3. d5 b5 4. Nf3 bxc4 5. Nc3 d6 6. e4 g6 7.
Bxc4 Bg7 8. O-O O-O 9. Re1 Nbd7 10. h3 Nb6 11. Bf1 Nfd7 12. Bg5 h6 13. Bh4 g5 14. Bg3 f5 15. exf5 Rxf5 16. Bd3 Bxc3 17. Bxf5 Bxe1 18.
Be6+ Kg7 19. Qxe1 Nf6 20. Rd1 Bxe6 21. dxe6 Nc4 22. Qc3 Nb6 23. h4 g4 24. Nh2 Nd5 25. Qc4 Nb6 26. Qf4 Nbd5 27. Qf5 h5 28. Rxd5 Nxd5 29.
Qxd5 Qe8 30. Bf4 Rb8 31. Bd2 Qg6 32. Bc3+ Kg8 33. Nf1 Rf8 34. Ng3 Qb1+ 35. Kh2 Rxf2 36. Qa8+ Rf8 37. Qd5 Qg6 38. Nxh5 Rf5 39. Qa8+ Rf8 40.
Qd5 Rf5 41. Qa8+ Rf8 42. Nf4 Qf5 43. Qd5 Qxf4+ 44. Kg1 g3 0-1